 Dungeon Crawl Stone Soup version 0.24.0-2-g5b39cebb1c (webtiles) character file.

Game seed: 10426442192778847537, levelgen mode: deterministic

7324 kkkmkkk the Fighter (level 11, 0/119 HPs)
             Began as an Ogre Monk on Oct 31, 2019.
             Was a High Priest of Cheibriados.
             Slain by a troll (7 damage)
             ... on level 10 of the Dungeon.
             The game lasted 00:15:32 (12424 turns).

kkkmkkk the Fighter (Ogre Monk)                    Turns: 12424, Time: 00:15:33

Health: 0/119      AC: 10    Str: 31    XL:     11   Next: 13%
Magic:  15/15      EV: 17    Int: 27    God:    Cheibriados [*****.]
Gold:   149        SH:  0    Dex: 26    Spells: 10/10 levels left

rFire    + . .     SeeInvis .   k - +1 flail (protect)
rCold    . . .     Gourm    .   (no shield)
rNeg     . . .     Faith    .   b - +0 robe
rPois    .         Spirit   .   (helmet restricted)
rElec    .         Reflect  .   (no cloak)
rCorr    .         Harm     .   (gloves unavailable)
MR       ++...                  (boots unavailable)
Stlth    ++........             v - amulet of regeneration
HPRegen  0.69/turn              w - ring of protection from magic
MPRegen  0.14/turn              g - ring of protection from fire

@: protection aura, very slow
A: large, unfitting armour, tough skin 1
a: Bend Time, Temporal Distortion, Slouch, Step From Time, Renounce Religion


You were on level 10 of the Dungeon.
You worshipped Cheibriados.
Cheibriados was extremely pleased with you.
You were near starving.

You visited 1 branch of the dungeon, and saw 10 of its levels.

You collected 504 gold pieces.
You spent 355 gold pieces at shops.

Inventory:

Hand Weapons
 k - a +1 flail of protection (weapon)
 G - the +6 spear of Light {protect, *Contam +Rage rF++ Dex+3, unknown}
   (You found it on level 6 of the Dungeon)

   It grants its wielder temporary protection when it strikes (+7 to AC).
   It affects your dexterity (+3).
   It greatly protects you from fire.
   It lets you go berserk.
   It causes magical contamination when unequipped.
 H - a +0 giant club
Missiles
 n - 7 silver javelins (quivered)
 B - 19 poisoned darts
 I - 8 large rocks
 J - 6 atropa-tipped darts
Armour
 b - a +0 robe (worn)
Magical Staves
 t - an uncursed staff of energy
Jewellery
 g - a ring of protection from fire (right hand)
 j - an uncursed ring of resist corrosion
 v - an amulet of regeneration (around neck)
 w - a ring of protection from magic (left hand)
 M - a -4 ring of strength
 N - an uncursed ring of flight
Wands
 d - a wand of paralysis (10)
 i - a wand of polymorph (7)
 z - a wand of acid (7)
Scrolls
 f - 9 scrolls of teleportation
 h - 3 scrolls of immolation
 o - 4 scrolls of amnesia
 p - 7 scrolls of remove curse
 r - 2 scrolls of acquirement {unknown}
 y - a scroll of magic mapping
 C - a scroll of blinking {unknown}
 D - a scroll of fog
 K - a scroll of fear
Potions
 a - a potion of curing
 e - a potion of ambrosia {unknown}
 l - 2 potions of haste
 m - 3 potions of flight {unknown}
 q - 2 potions of might
 s - a potion of magic
 u - a potion of degeneration
 x - a potion of cancellation {unknown}
 A - 4 potions of heal wounds
 E - a potion of berserk rage {unknown}
 F - a potion of mutation {unknown}
 L - a potion of brilliance
 O - a potion of invisibility
Miscellaneous
 Q - a lamp of fire
Comestibles
 c - 20 rations


   Skills:
 + Level 10.8 Fighting
 * Level 10.4 Maces & Flails
 + Level 7.7 Dodging
 - Level 1.4 Stealth
 + Level 6.5 Invocations
 + Level 1.3 Evocations


You had 10 spell levels left.
You didn't know any spells.
Your spell library was empty.

Dungeon Overview and Level Annotations

Branches:
Dungeon (10/15)            Temple (0/1) D:4
   Lair: D:8-11         Orc: D:9-12

Altars:
Ashenzari
Cheibriados
Dithmenos
Gozag
Hepliaklqana
Kikubaaqudgha
Okawaru
Qazlal
Trog
Uskayaw
Xom
Zin
The Shining One

Shops:
D:7 }   D:8 (!?*


Innate Abilities, Weirdness & Mutations

You are too large for most types of armour.
You have tough skin. (AC +1)


Message History

You hit the troll.
The troll is almost dead.
The orc misses you. The troll bites you!
* * * LOW HITPOINT WARNING * * *
The troll closely misses you. The troll claws you!
* * * LOW HITPOINT WARNING * * *
The orc hits you with a +0 flail.
* * * LOW HITPOINT WARNING * * *
You feel much better. The orc hits you with a +0 hand axe.
* * * LOW HITPOINT WARNING * * *
The troll bites you!
* * * LOW HITPOINT WARNING * * *
The troll claws you but does no damage. The troll completely misses you.
You hit the troll.
The troll is almost dead.
The orc hits you with a +0 flail!
* * * LOW HITPOINT WARNING * * *
The orc misses you. The troll closely misses you. The troll barely misses you.
The troll claws you!
You die...

......#....# #.#
......#....####.########
...........#............
.............###.#######
......#####.####.#
......# #....#.# ......#
####...# ......# ##..#
..##### #T@# ... #oo#
.##. #..# .. .. #... ..
y .... . .....# .....#
#.....#


You could see a troll and 2 orcs.

Vanquished Creatures
  A hydra (D:9)
  A manticore (D:8)
  2 hippogriffs
  A wyvern (D:8)
  Grum (D:9)
  2 hungry ghosts
  Menkaure (D:3)
  Duvessa (D:7)
  A sky beast (D:6)
  2 orc warriors
  3 ice beasts
  3 black bears
  4 phantoms
  4 wolves (D:9)
  6 ogres
  4 centaurs
  A crocodile (D:8)
  2 gnoll sergeants
  Dowan (D:7)
  7 bullfrogs
  3 scorpions
  5 killer bees (D:7)
  6 howler monkeys
  A crimson imp (D:8)
  2 quasits
  A bullfrog zombie (D:9)
  8 hounds
  2 jellies
  5 orc priests
  11 orc wizards
  2 iguanas
  6 worker ants
  A hound skeleton (D:6)
  A worker ant zombie (D:6)
  Robin (D:4)
  17 gnolls
  7 adders
  2 oozes (D:3)
  3 worms
  3 dart slugs
  3 leopard geckos
  53 orcs
  A ball python (D:1)
  7 bats
  2 giant cockroaches
  18 goblins
  8 hobgoblins
  2 jackals (D:5)
  5 quokkas
  5 frilled lizards
  A jackal zombie (D:4)
  8 kobolds
  A quokka zombie (D:5)
  6 rats
255 creatures vanquished.

Notes
Turn   | Place    | Note
-------+----------+-------------------------------------------
     0 | D:1      | kkkmkkk the Ogre Monk began the quest for the Orb.
     0 | D:1      | Reached XP level 1. HP: 24/24 MP: 1/1
   202 | D:2      | Found a snail-covered altar of Cheibriados.
   216 | D:2      | Became a worshipper of Cheibriados the Contemplative
   216 | D:2      | Reached * piety under Cheibriados
   216 | D:2      | Reached ** piety under Cheibriados
   233 | D:2      | Reached XP level 2. HP: 25/32 MP: 2/2
   302 | D:2      | Found a hazy altar of Hepliaklqana.
   308 | D:2      | Found an opulent altar of Gozag.
   646 | D:1      | Reached XP level 3. HP: 36/40 MP: 3/3
  1347 | D:2      | Found an iron altar of Okawaru.
  2125 | D:4      | Noticed Menkaure
  2128 | D:4      | Noticed a centaur
  2145 | D:2      | Reached XP level 4. HP: 33/49 MP: 4/4
  2756 | D:3      | Reached skill level 5 in Fighting
  2758 | D:3      | Reached XP level 5. HP: 44/57 MP: 5/5
  2783 | D:3      | Reached *** piety under Cheibriados
  3032 | D:3      | Reached XP level 6. HP: 32/66 MP: 6/6
  3513 | D:3      | Killed Menkaure
  3513 | D:3      | Reached skill level 5 in Maces & Flails
  3834 | D:4      | Found a staircase to the Ecumenical Temple.
  4089 | D:4      | Reached XP level 7. HP: 46/75 MP: 7/7
  4283 | D:4      | Noticed Robin
  4289 | D:4      | Killed Robin
  4299 | D:4      | Reached **** piety under Cheibriados
  4780 | D:4      | Found a bloodstained altar of Trog.
  4847 | D:4      | Found a shimmering altar of Xom.
  5012 | D:5      | Entered Level 5 of the Dungeon
  5108 | D:5      | Reached XP level 8. HP: 56/84 MP: 8/8
  5334 | D:5      | Reached skill level 5 in Dodging
  5344 | D:5      | Reached ***** piety under Cheibriados
  6079 | D:5      | Reached skill level 1 in Invocations
  6112 | D:5      | Found a shattered altar of Ashenzari.
  6386 | D:6      | Got a transparent spear
  6430 | D:6      | Reached XP level 9. HP: 91/96 MP: 10/10
  6876 | D:6      | Found a glowing golden altar of the Shining One.
  6943 | D:6      | Found a stormy altar of Qazlal.
  6973 | D:6      | Noticed an angel
  6974 | D:6      | Found a glowing silver altar of Zin.
  7164 | D:7      | Noticed Duvessa
  7167 | D:7      | Noticed Dowan
  7183 | D:7      | Killed Duvessa
  7191 | D:7      | Killed Dowan
  7851 | D:7      | Found a hide-covered altar of Uskayaw.
  8442 | D:7      | Found an ancient bone altar of Kikubaaqudgha.
  8524 | D:7      | Found Meadgh's Gadget Emporium.
  8667 | D:7      | Found a shadowy altar of Dithmenos.
  8705 | D:7      | Reached XP level 10. HP: 90/107 MP: 13/13
  9183 | D:8      | Found Jira's Distillery.
  9847 | D:8      | Reached skill level 5 in Invocations
  9990 | D:8      | Bought a potion of heal wounds for 55 gold pieces
  9990 | D:8      | Bought a potion of curing for 33 gold pieces
  9990 | D:8      | Bought a potion of heal wounds for 55 gold pieces
  9990 | D:8      | Bought 2 potions of heal wounds for 110 gold pieces
 10065 | D:8      | Noticed a manticore
 10221 | D:8      | Killed a manticore
 10221 | D:8      | Reached skill level 10 in Fighting
 10446 | D:8      | Found Ketwiec's Antique Weapon Shoppe.
 10486 | D:8      | Found Ijiparph's Magic Scroll Boutique.
 10597 | D:8      | Found Edarch's Assorted Antiques.
 10605 | D:8      | Bought a scroll labeled JASSUO GEFOM PYO for 34 gold pieces
 10605 | D:8      | Bought a scroll labeled ATUSUU ILEU for 34 gold pieces
 10605 | D:8      | Bought a scroll labeled JASSUO GEFOM PYO for 34 gold pieces
 10997 | D:9      | Noticed a four-headed hydra
 11008 | D:9      | Killed a four-headed hydra
 11008 | D:9      | Reached skill level 10 in Maces & Flails
 11834 | D:9      | Noticed Grum
 11848 | D:9      | Killed Grum
 11848 | D:9      | Reached XP level 11. HP: 75/119 MP: 15/15
 11854 | D:9      | Reached skill level 1 in Evocations
 12362 | D:10     | Entered Level 10 of the Dungeon
 12422 | D:10     | HP: 5/119 [troll (9)]
 12424 | D:10     | Slain by a troll

Levels and vault maps discovered:
D:1:      dpeg_arrival_simpleton_b, layout_basic
D:2:      layout_loops_corners, okawaru_metal_pillars_1_2, cheibriados_altar_1,
          chequers_temple_overflow_statue_of_worship
D:3:      layout_loops_ring, first_ration
D:4:      black_bear_nest_2, layout_cave_pools, kennysheep_little_box,
          lemuel_coloured_pillars_altar, minmay_temple_entry_overgrown,
          uniq_menkaure, uniq_robin
D:5:      layout_basic, kennysheep_mini
D:6:      layout_basic, zin_angel, nicolae_qazlal_style_of_elements, tso_altar
D:7:      layout_loops_ring, lemuel_round_altar,
          grunt_dithmenos_smoke_and_mirrors, lemuel_doored_altar, serial_shops,
          shop, grunt_ogre_cave, uniq_duvessa
D:8:      layout_basic, serial_shops, nicolae_shop_trees, shop,
          nicolae_shop_temple_entry_statues_fountains, shop
D:9:      layout_roguey, special_room [special_room_orc], uniq_grum
D:10:     layout_rooms, hiddenorc2_lemuel

Skill      XL: |  1  2  3  4  5  6  7  8  9 10 11 |
---------------+----------------------------------+-----
Maces & Flails | 3 4 5 6 7 9 10 | 10.4
Dodging        | 3 4 5 6 7 |  7.7
Fighting       | 5 6 8 9 10 | 10.8
Invocations    | 2 4 6 |  6.5
Evocations     | 1 |  1.3
Stealth        | |  1.4

Action                   |  1- 3 |  4- 6 |  7- 9 | 10-12 || total
-------------------------+-------+-------+-------+-------++-------
Melee: Mace              |   120 |     9 |       |       ||   129
       Flail             |       |   103 |   396 |   308 ||   807
Invok: Slouch            |       |       |     2 |     2 ||     4
       Bend Time         |       |       |       |     1 ||     1
Evoke: Wand              |       |       |     2 |     2 ||     4
  Use: Potion            |     4 |     1 |     2 |     2 ||     9
       Scroll            |       |       |     9 |       ||     9
 Stab: Sleeping          |     7 |     1 |     4 |     4 ||    16
       Distracted        |       |       |     2 |       ||     2
  Eat: Chunk             |       |     4 |     7 |     4 ||    15
       Ration            |       |       |       |     1 ||     1
Armor: Robe              |    38 |    40 |   161 |    67 ||   306
       Skin              |     3 |       |       |       ||     3
Dodge: Dodged            |    90 |    93 |   350 |   305 ||   838
